 Dungeon Crawl Stone Soup version 0.30-b1-2-g02819fbbbe (webtiles) character file.

Game seed: 11755659094654285112

1190 Mesmaeker13 the Chiller (level 8, -8/57 HPs)
             Began as a Demigod Ice Elementalist on July 6, 2023.
             Mangled by an ice beast (10 damage)
             ... on level 5 of the Dungeon.
             The game lasted 00:08:10 (5106 turns).

Mesmaeker13 the Chiller (Demigod Ice Elementalist)  Turns: 5106, Time: 00:08:10

Health: -8/57      AC:  4    Str: 13    XL:     8   Next: 0%
Magic:  18/18      EV: 14    Int: 21    God:
Gold:   204        SH:  0    Dex: 14    Spells: 8/16 levels left

rFire   . . .        s - +4 rapier
rCold   . . .        (no shield)
rNeg    . . .        a - +0 robe
rPois   .            (no helmet)
rElec   .            d - +0 cloak
rCorr   .            i - +0 pair of gloves
SInv    .            (no boots)
Will    .....        (no amulet)
Stlth   ++           f - ring of flight
HPRegen 0.29/turn    (no ring)
MPRegen 0.16/turn

%: no passive effects
@: mighty, flying
A: high MP 1, forlorn, divine attributes
a: no special abilities


You were on level 5 of the Dungeon.
You visited 1 branch of the dungeon, and saw 5 of its levels.

You collected 204 gold pieces.

Inventory:

Hand Weapons
 c - a +1 trident
 s - a +4 rapier (weapon)
Missiles
 p - 11 poisoned darts (quivered)
Armour
 a - a +0 robe (worn)
 d - a +0 cloak (worn)
 i - a +0 pair of gloves (worn)
Jewellery
 f - a ring of flight (left hand)
Scrolls
 e - 3 scrolls of teleportation
 j - a scroll of fear
 k - 3 scrolls of noise
 l - a scroll of enchant armour
 n - a scroll of blinking {unknown}
 o - a scroll of enchant weapon
 q - a scroll of poison
 x - a scroll of amnesia {unknown}
 y - a scroll of identify
Potions
 b - 3 potions of magic
 g - a potion of might
 h - a potion of haste {unknown}
 m - 2 potions of resistance
 t - 4 potions of flight
 u - 2 potions of degeneration {unknown}
 v - a potion of lignification {unknown}
 w - a potion of mutation {unknown}


   Skills:
 + Level 4.9 Dodging
 - Level 2.3 Stealth
 + Level 4.7 Spellcasting
 + Level 2.4 Summonings
 + Level 6.1 Ice Magic


You had 8 spell levels left.
You knew the following spells:

 Your Spells              Type           Power      Damage    Failure   Level
a - Freeze                Ice            100%       1d10      1%          1
b - Frozen Ramparts       Ice            60%        1d10      2%          3
c - Summon Ice Beast      Ice/Summ       23%        N/A       19%         4

Your spell library contained the following spells:

 Spells                   Type           Power      Damage    Failure   Level
 Ozocubu's Armour         Ice            30%        N/A       2%          3
 Ensorcelled Hibernation  Hex/Ice        34%        N/A       4%          2
 Gell's Gravitas          Tloc           5%         N/A       32%         3
 Spider Form              Tmut/Pois      5%         N/A       32%         3
 Teleport Other           Tloc           5%         N/A       32%         3
 Anguish                  Hex/Necr       2%         N/A       73%         4
 Olgreb's Toxic Radiance  Pois           5%         N/A       73%         4
 Dispersal                Tloc           2%         N/A       100%        6
 Discord                  Hex            2%         N/A       100%        8
 Ignition                 Fire           2%         3d3       100%        8


Dungeon Overview and Level Annotations

Branches:
Dungeon (5/15)
 Temple: D:4-7

Shops:
D:2 :   D:4 **

Annotations:
D:2 exclusions: door and 2 more exclusions, Sigmund
D:5 3 runed translucent doors, Metae's ghost, novice MiFi


Innate Abilities, Weirdness & Mutations

You have an increased reservoir of magic. (+10% MP)
You shall have no god before yourself.
Your divine heritage dramatically boosts your attributes as you level up.


Message History

Press: ? - help, Shift-Dir - straight line, f/p - ice beast
Aim: an ice beast (severely wounded, 68% to hit)
The puff of flame misses the ice beast.
The now-empty wand crumbles to dust.
The ice beast closely misses you.
Unknown command.
You completely miss the ice beast.
The ice beast is severely wounded.
The ice beast hits you. The ice beast freezes you!
The ice beast barely misses you.
You hit the ice beast but do no damage.
The ice beast is severely wounded.
The ice beast hits you. The ice beast freezes you!
You closely miss the ice beast.
The ice beast is severely wounded.
The ice beast hits you. The ice beast freezes you!
You closely miss the ice beast.
The ice beast is severely wounded.
The ice beast hits you but does no damage.
You hit the ice beast.
The ice beast is severely wounded.
The ice beast closely misses you.
You hit the ice beast.
The ice beast is almost dead.
The ice beast hits you. The ice beast freezes you!
* * * LOW HITPOINT WARNING * * *
The ice beast completely misses you.
You barely miss the ice beast.
The ice beast is almost dead.
The ice beast hits you.
* * * LOW HITPOINT WARNING * * *
The ice beast freezes you!
* * * LOW HITPOINT WARNING * * *
Press: ? - help, v - describe, . - travel
Here: an ice beast (almost dead)
The floor.
You feel very mighty all of a sudden. The ice beast hits you.
* * * LOW HITPOINT WARNING * * *
The ice beast freezes you!
You die...

########### #.........#
########## ##.....###.#
#/........ .#.........#
#.........
.#.........####.........
.#.............!@Y......
.####...................
.#.................#....
.#.#...............# ###
...#...............#
.....).............#
#..............#.....
+..............#.....
#..............+.....#.#


You could see an ice beast.

Vanquished Creatures
  Menkaure (D:5)
  A black bear (D:4)
  An orc warrior (D:5)
  2 ogres
  A phantom (D:4)
  A kobold brigand (D:4)
  Blork the orc (D:4)
  2 orc priests (D:3)
  2 hounds (D:5)
  2 jellies
  2 iguanas
  5 orc wizards
  A gnoll (D:1)
  4 adders
  A white imp (D:5)
  3 worms
  6 dart slugs
  16 orcs
  6 endoplasms
  3 giant cockroaches
  5 goblins
  4 hobgoblins
  4 jackals (D:2)
  5 kobolds
  3 quokkas
  7 ball pythons
  6 bats
  4 frilled lizards
  4 rats
103 creatures vanquished.

Notes
Turn   | Place    | Note
-------+----------+-------------------------------------------
     0 | D:1      | Mesmaeker13 the Demigod Ice Elementalist began the quest
                  | for the Orb.
     0 | D:1      | Reached XP level 1. HP: 14/14 MP: 5/5
   429 | D:1      | Reached XP level 2. HP: 19/20 MP: 2/7
  1210 | D:2      | Reached XP level 3. HP: 26/26 MP: 1/9
  1231 | D:2      | Reached skill level 4 in Ice Magic
  1239 | D:2      | Learned a level 3 spell: Frozen Ramparts
  1331 | D:2      | Found Sutainof's Book Shoppe.
  1895 | D:2      | Noticed Sigmund
  2391 | D:3      | Reached XP level 4. HP: 30/33 MP: 5/10
  2983 | D:3      | Noticed an ogre
  2995 | D:3      | Killed an ogre
  2996 | D:3      | Reached XP level 5. HP: 38/38 MP: 5/12
  3294 | D:3      | Reached XP level 6. HP: 45/45 MP: 8/14
  3444 | D:4      | Reached skill level 5 in Ice Magic
  3509 | D:4      | Found Elaeck's Assorted Antiques.
  3637 | D:4      | Found Lcuhoat's Luxury Loot.
  3641 | D:4      | Noticed Blork the orc
  3650 | D:4      | Killed Blork the orc
  3696 | D:4      | Learned a level 4 spell: Summon Ice Beast
  3707 | D:4      | Reached XP level 7. HP: 50/50 MP: 11/16
  4119 | D:4      | Reached skill level 1 in Summonings
  4448 | D:5      | Entered Level 5 of the Dungeon
  4517 | D:5      | Noticed Metae's ghost (novice MiFi)
  4559 | D:5      | Noticed Menkaure
  4568 | D:5      | Killed Menkaure
  4809 | D:5      | Found a runed translucent gate.
  4809 | D:5      | Found a runed translucent gate.
  4809 | D:5      | Found a runed translucent gate.
  4883 | D:5      | Reached skill level 6 in Ice Magic
  5003 | D:5      | Reached XP level 8. HP: 53/57 MP: 9/18
  5106 | D:5      | HP: 2/57 [ice beast (2)]
  5106 | D:5      | Mangled by an ice beast

Illustrated notes

Levels and vault maps discovered:
D:1:      dpeg_arrival_water_altar, layout_loops_corners,
          grunt_decor_mini_mirrors, minmay_tromino_v4_a
D:2:      layout_basic, serial_shops, shop, nicolae_elevator_lobby_plus,
          uniq_sigmund
D:3:      layout_basic, chequers_temple_overflow_minitemple
D:4:      layout_gridville, serial_shops, nicolae_diamond_shop,
          nicolae_alphabet_shops, uniq_blork_the_orc
D:5:      layout_basic, gammafunk_ghost_split, kennysheep_flooded_box,
          corexii_checkpoint_a, uniq_menkaure

Skill      XL: |  1  2  3  4  5  6  7 |
---------------+----------------------+-----
Stealth        | 2 |  2.3
Spellcasting   | 2 3 4 |  4.7
Dodging        | 2 3 4 |  4.9
Ice Magic      | 4 5 6 |  6.1
Summonings     | 2 |  2.4

Action                     |  1- 3 |  4- 6 |  7- 9 || total
---------------------------+-------+-------+-------++-------
  Melee: Trident           |    36 |     9 |       ||    45
         Rapier            |       |    10 |    21 ||    31
  Throw: Dart              |       |     4 |     2 ||     6
   Cast: Freeze            |    58 |    31 |    38 ||   127
         Frozen Ramparts   |     1 |    10 |    10 ||    21
  Evoke: Wand              |       |     6 |    13 ||    19
    Use: Scroll            |     7 |     1 |     1 ||     9
         Potion            |       |       |     1 ||     1
   Stab: Sleeping          |     4 |     2 |     1 ||     7
 Armour: Robe              |    16 |     8 |    13 ||    37
  Dodge: Dodged            |    50 |    37 |    42 ||   129
